Map: Acid Plant LE

Players

Bly - Winner!

  • Race: Zerg Zerg
  • League: Master
  • Spawn Location: 11:00

GOStephano (Stephano)

  • Race: Zerg Zerg
  • Spawn Location: 5:00

Event: HomeStory Cup XVIII

VOD

Have the link to the VOD?

Description

Time

  • Played on: Nov. 23, 2018, 1:16 p.m.
  • Length: 7:13

All games in this series

Show
View Real Time Build Order
Export as new Build Order

Bly Zerg - Winner!

Build Orders: Hatch First, Zergling Baneling 

Get SALT Encoding   

  12  0:01  Drone  
  13  0:14  Overlord  
  13  0:17  Drone  
  14  0:32  Drone x2  
  16  0:48  Hatchery  
  15  0:52  Drone  
  15  0:56  Drone  
  17  0:59  Drone  
  18  1:10  Extractor  
  17  1:15  Spawning Pool  
  17  1:17  Drone  
  17  1:20  Drone  
  18  1:29  Drone  
  19  1:41  Overlord  
  19  1:51  Drone  
  20  2:00  Drone  
  20  2:01  Queen x2  
  21  2:02  Drone  
  26  2:11  Drone  
  26  2:12  Drone  
  26  2:13  Metabolic Boost  
  28  2:23  Drone x2  
  30  2:35  Hatchery  
  29  2:38  Zergling x2  
  29  2:40  Zergling x2  
  31  2:47  Queen  
  33  2:54  Baneling Nest  
  33  2:58  Overlord  
  32  3:00  Zergling x2  
  33  3:12  Zergling x2  
  34  3:13  Drone x2, Overlord  
  34  3:17  Drone  
  35  3:20  Zergling x2  
  35  3:21  Zergling x2  
  35  3:22  Zergling x2  
  35  3:26  Zergling x2  
  40  3:27  Zergling x2  
  40  3:29  Zergling x2  
  41  3:38  Baneling  
  41  3:39  Zergling x2  
  41  3:40  Zergling x4  
  44  3:46  Zergling x2  
  44  3:47  Baneling x4  
  45  3:50  Drone x2  
  46  3:57  Zergling x2  
  46  3:58  Zergling x4  
  46  4:03  Zergling x6  
  46  4:04  Baneling  
  46  4:05  Baneling  
  46  4:13  Drone x2  
  46  4:14  Drone x2  
  46  4:16  Zergling x2  
  50  4:17  Baneling  
  50  4:18  Baneling x2  
  50  4:23  Drone x2  
  51  4:28  Drone  
  52  4:36  Drone x3  
  54  4:39  Baneling x2  
  54  4:40  Extractor x2  
  52  4:48  Baneling x2  
  52  4:51  Drone x3  
  55  4:58  Drone x3  
  55  4:59  Overlord  
  58  5:03  Overlord  
  58  5:05  Evolution Chamber  
  58  5:06  Overlord  
  56  5:08  Overlord  
  56  5:12  Overlord x2, Zergling x2  
  56  5:25  Zergling x16  
  60  5:37  Zergling x14  
  66  5:46  Lair  
  66  5:47  Roach Warren  
  66  5:49  Baneling  
  63  5:52  Drone  
  63  5:53  Drone x3  
  67  5:57  Baneling  
  65  6:10  Baneling  
  65  6:11  Zergling x4  
  67  6:12  Queen  
  67  6:13  Overlord  
  67  6:15  Extractor  
  66  6:29  Roach x10  
  83  6:37  Baneling x2  
  81  6:41  Roach x2, Zergling x2  
  80  6:55  Zergling x2  
  80  6:56  Zergling x6  
Show
View Real Time Build Order
Export as new Build Order

GOStephano Zerg 

Build Orders: Hatch First 

Get SALT Encoding   

  12  0:00  Drone  
  13  0:12  Overlord  
  13  0:17  Drone  
  14  0:31  Drone x2  
  16  0:47  Hatchery  
  15  0:51  Drone  
  15  0:55  Drone  
  17  0:58  Extractor  
  17  1:00  Drone  
  17  1:15  Spawning Pool  
  17  1:17  Drone  
  17  1:21  Drone  
  18  1:29  Drone  
  19  1:46  Drone  
  20  2:01  Queen x2, Metabolic Boost  
  20  2:03  Zergling x4  
  20  2:05  Zergling x2  
  27  2:12  Overlord  
  27  2:15  Drone  
  28  2:30  Drone x2  
  28  2:33  Drone  
  28  2:35  Drone  
  32  2:42  Hatchery  
  31  2:52  Baneling Nest  
  31  2:56  Overlord  
  30  2:59  Drone x2  
  32  3:09  Zergling x8  
  36  3:15  Zergling x6  
  38  3:21  Zergling x4  
  38  3:22  Zergling x2  
  38  3:25  Zergling x2  
  42  3:33  Zergling x2  
  43  3:41  Baneling x2  
  43  3:45  Baneling x2  
  44  3:48  Drone  
  44  3:50  Overlord  
  41  3:56  Drone x7  
  41  4:00  Drone x2  
  46  4:05  Drone  
  42  4:14  Zergling x4  
  43  4:19  Extractor  
  43  4:22  Zergling x8  
  43  4:23  Roach Warren  
  45  4:26  Drone x2  
  46  4:35  Drone x4  
  46  4:38  Drone  
  45  4:43  Zergling x4  
  45  4:45  Baneling x2  
  47  4:47  Zergling x2  
  47  4:53  Zergling x2  
  47  4:54  Zergling x6  
  47  4:59  Zergling x4  
  49  5:05  Zergling x8  
  53  5:17  Overlord  
  51  5:22  Zergling x10  
  47  5:37  Roach  
  47  5:38  Roach x3  
  47  5:41  Roach  
  52  5:47  Roach x2  
  54  5:54  Roach x3  
  54  5:56  Baneling  
  59  6:01  Roach  
  58  6:08  Zergling x2  
  58  6:09  Zergling x6  
  61  6:12  Roach  
  63  6:19  Roach  
  65  6:27  Zergling x4  
  64  6:35  Zergling x8  
  66  6:45  Zergling x2  
  64  6:49  Zergling x4  
  64  6:52  Overlord  
Tags
 
Add a new tag
Caveats
  • Supply blocks, unpowered buildings, or Contaminate may cause inaccurate times.
  • Supply counts are checked every 10 seconds.